 Dungeon Crawl Stone Soup version 0.29.1-1-gd02db6906a (webtiles) character file.

Game seed: 2883438911373656470

35067 LabCoat the Severer (level 13, -8/174 HPs)
             Began as a Hill Orc Fighter on Oct 1, 2022.
             Was an Elder of Trog.
             Mangled by a reaper
             ... wielding a +0 scythe of freezing
              (24 damage)
             ... in an ice cave.
             The game lasted 00:57:38 (15827 turns).

LabCoat the Severer (Hill Orc Fighter)             Turns: 15827, Time: 00:57:39

Health: -8/174     AC: 24    Str: 24    XL:     13   Next: 81%
Magic:  13/13      EV:  7    Int: 11    God:    Trog [****..]
Gold:   1048       SH:  6    Dex: 10    Spells: 12/12 levels left

rFire   x . .      SeeInvis .   k - +0 war axe (flame)
rCold   + + +      Faith    .   G - +0 buckler {rC+}
rNeg    . . .      Spirit   .   t - +0 plate armour
rPois   .          Reflect  .   g - +1 hat {Int+3}
rElec   .          Harm     .   e - +1 cloak
rCorr   .          Rampage  .   b - +1 pair of gloves
Will    .....                   w - +2 pair of boots {Fly}
Stlth   ..........              E - amulet of regeneration
HPRegen 1.19/turn               h - ring of protection from cold
MPRegen 0.13/turn               z - ring of ice

@: mighty, berserking (expiring), flying, very quick
A: no striking features
a: Renounce Religion, Berserk, Trog's Hand, Brothers in Arms


You were in an ice cave.
You worshipped Trog.
Trog was greatly pleased with you.
You visited 3 branches of the dungeon, and saw 13 of its levels.
You also visited: Sewer, Bailey and Ice Cave.

You collected 1048 gold pieces.

Inventory:

Hand Weapons
 a - a +1 war axe
 c - a +0 war axe of freezing
 f - a +2 flail of protection
 k - a +0 war axe of flaming (weapon)
 o - a +1 war axe of draining
Missiles
 l - 23 poisoned darts (quivered)
Armour
 b - a +1 pair of gloves (worn)
 e - a +1 cloak (worn)
 g - a +1 hat of intelligence (worn)
 t - a +0 plate armour (worn)
 w - a +2 pair of boots of flying (worn)
 G - a +0 buckler of cold resistance (worn)
Jewellery
 h - a ring of protection from cold (left hand)
 i - a +6 ring of dexterity
 q - an amulet of guardian spirit
 s - a +6 ring of intelligence
 v - an amulet of faith
 x - a ring of fire
 z - a ring of ice (right hand)
 E - an amulet of regeneration (around neck)
Wands
 d - a wand of charming (6)
 y - a wand of digging (7)
 D - a wand of flame (5)
Scrolls
 j - 7 scrolls of teleportation
 r - 2 scrolls of butterflies
 u - 3 scrolls of blinking
Potions
 n - a potion of haste {unknown}
 p - 3 potions of flight
 A - a potion of ambrosia
 C - 2 potions of invisibility
Miscellaneous
 m - a tin of tremorstones (1/2)


   Skills:
 + Level 11.3 Fighting
 * Level 16.3 Axes
 + Level 8.2 Throwing
 + Level 10.4 Armour
 + Level 10.2 Shields
 + Level 9.0 Evocations


You had 12 spell levels left.
You didn't know any spells.
Your spell library contained the following spells:

 Spells                   Type           Power      Damage    Failure   Level
 Apportation              Tloc           0%         N/A       99%         1
 Necrotise                Necr           0%         1d4       99%         1
 Summon Small Mammal      Summ           0%         N/A       99%         1
 Scorch                   Fire           0%         2d5       100%        2
 Sublimation of Blood     Necr           0%         N/A       100%        2
 Wereblood                Tmut           0%         N/A       100%        2
 Ignite Poison            Fire/Tmut/Pois 0%         N/A       100%        3
 Mephitic Cloud           Conj/Pois/Air  0%         N/A       100%        3
 Corpse Rot               Necr/Pois/Air  0%         N/A       100%        4
 Flame Wave               Conj/Fire      0%         2d4       100%        4
 Freezing Cloud           Conj/Ice/Air   0%         6-21      100%        5
 Metabolic Englaciation   Hex/Ice        0%         N/A       100%        5
 Simulacrum               Ice/Necr       0%         N/A       100%        6
 Summon Cactus Giant      Summ           0%         N/A       100%        6
 Summon Hydra             Summ           0%         N/A       100%        7
 Polar Vortex             Ice            0%         N/A       100%        9


Dungeon Overview and Level Annotations

Branches:
Dungeon (8/15)             Temple (1/1) D:5            Lair (4/5) D:8
  Swamp (0/4) Lair:2        Snake (0/4) Lair:3        Sewer (visited)
 Bailey (visited)           IceCv (1/1)
  Slime: Lair:4-5

Altars:
Ashenzari
Cheibriados
Dithmenos
Elyvilon
Fedhas
Gozag
Hepliaklqana
Kikubaaqudgha
Makhleb
Nemelex Xobeh
Okawaru
Qazlal
Ru
Sif Muna
Trog
Uskayaw
Vehumet
Wu Jian
Xom
Yredelemnul
Zin
The Shining One
Beogh

Shops:
D:7 (


Message History

The two-headed ogre simulacrum hits you.
The two-headed ogre simulacrum freezes you.
You resist.
You barely miss the reaper.
The reaper is lightly wounded.
You slice the two-headed ogre simulacrum!!
You melt the two-headed ogre simulacrum.
The two-headed ogre simulacrum vaporises!
Trog accepts your kill.
You hit the reaper but do no damage.
The reaper is lightly wounded.
Your skin stops crawling.
You feel less strong-willed.
The reaper hits you with a +0 scythe of freezing!!!
* * * LOW HITPOINT WARNING * * *
The reaper freezes you.
* * * LOW HITPOINT WARNING * * *
You closely miss the reaper.
The reaper is lightly wounded.
Unknown command.
You hit the reaper but do no damage.
The reaper is lightly wounded.
You block the reaper's attack.
You closely miss the reaper.
The reaper is lightly wounded.
You slash the reaper! You burn the reaper.
The reaper is moderately wounded.
The reaper barely misses you.
You slash the reaper! You burn the reaper.
The reaper is heavily wounded.
You barely miss the reaper.
The reaper is heavily wounded.
The reaper hits you with a +0 scythe of freezing!!
* * * LOW HITPOINT WARNING * * *
You hit the reaper. You burn the reaper.
The reaper is heavily wounded.
You slash the reaper! You burn the reaper.
The reaper is severely wounded.
The reaper smiles without lips.
The reaper hits you with a +0 scythe of freezing!!
You die...

### ##.## #### ##...##
##..## ##.....# #....##
#......## ##..#..##
##..@2...# ##.###...#
#....°...#
#..####..###....☼§.###
##..#..##..#....☼#°#°°#
#..##..[##......##.#..#
#..#....##....###.°#○.#
..##....###...#...#.§..
..#....##
#...#...○.○☼°.
..##.#.##
#...#...####..#


You could see a reaper.

Vanquished Creatures
  Gastronok (D:8)
  4 hydras
  2 two-headed ogres (D:8)
  Erica (Lair:2)
  2 centaur warriors (D:8)
  Amaemon (Lair:2)
  A deep elf zephyrmancer (Bailey)
  An orange crystal statue (Lair:1)
  An orc knight (Bailey)
  Joseph (D:8)
  18 elephants
  Maurice (D:8)
  An orange demon (Lair:2)
  2 ice statues (IceCv)
  3 black mambas
  Maggie (Lair:2)
  3 cane toads
  2 komodo dragons
  A rime drake (Lair:4)
  7 ice devils
  A slime creature (D:8)
  7 blink frogs
  2 dire elephant simulacra (IceCv)
  2 wraiths (D:8)
  33 yaks
  2 wyverns
  3 basilisks
  A vampire mosquito (D:8)
  A harpy simulacrum (IceCv)
  A steam dragon (D:8)
  Edmund (D:4)
  A floating eye (shapeshifter) (D:8)
  7 water moccasins
  A hydra simulacrum (IceCv)
  A sky beast (D:7)
  An ice beast (D:8)
  4 black bears
  6 orc warriors
  8 wolves
  4 phantoms
  2 kobold brigands
  12 bullfrogs
  3 necrophages
  A two-headed ogre simulacrum (IceCv)
  2 cane toad simulacra (IceCv)
  5 scorpions
  6 wights (D:8)
  6 killer bees (D:8)
  A howler monkey (D:5)
  An electric eel (Lair:3)
  3 lava snakes (Lair:1)
  2 orc priests
  A quasit (D:4)
  4 hounds
  3 jellies
  3 iguanas
  2 orc wizards (D:8)
  7 hell rats (Lair:3)
  A polar bear simulacrum (IceCv)
  4 spriggan simulacra (IceCv)
  3 wolf simulacra (IceCv)
  18 gnolls
  12 adders
  2 naga simulacra (IceCv)
  3 shadow imps
  4 white imps
  8 ufetubi
  3 dart slugs
  28 orcs
  15 ball pythons
  5 bats
  12 endoplasms
  12 giant cockroaches
  11 hobgoblins
  5 jackals
  7 quokkas
  7 frilled lizards
  8 goblins
  13 kobolds
  7 rats
393 creatures vanquished.

Vanquished Creatures (others)
  A white imp (IceCv)
  4 demonic plants (D:4)
  21 fungi
  16 plants
42 creatures vanquished.

Grand Total: 435 creatures vanquished

Notes
Turn   | Place    | Note
-------+----------+-------------------------------------------
     0 | D:1      | LabCoat the Hill Orc Fighter began the quest for the Orb.
     0 | D:1      | Reached XP level 1. HP: 19/19 MP: 1/1
    77 | D:1      | Reached skill level 3 in Axes
    80 | D:1      | Reached XP level 2. HP: 27/27 MP: 2/2
   248 | D:1      | Found a roughly hewn altar of Beogh.
   360 | D:1      | Reached XP level 3. HP: 33/33 MP: 3/3
   698 | D:1      | Found a faded altar of an unknown god.
   784 | D:1      | Reached skill level 1 in Evocations
  1307 | D:2      | Found a broken altar of Ashenzari.
  1775 | D:3      | Reached XP level 4. HP: 40/40 MP: 4/4
  1870 | D:3      | Reached skill level 4 in Axes
  1873 | D:3      | Reached skill level 1 in Throwing
  2041 | D:3      | Found a large runed translucent door.
  2074 | D:3      | Found a large runed translucent door.
  2486 | D:3      | Reached XP level 5. HP: 46/46 MP: 5/5
  2595 | D:3      | Found a sacrificial altar of Ru.
  2598 | D:3      | Found a burning altar of Makhleb.
  2709 | D:4      | Found a glowing drain.
  2711 | D:4      | Noticed Edmund
  2729 | D:4      | Reached skill level 5 in Axes
  2729 | D:4      | Reached XP level 6. HP: 53/53 MP: 6/6
  2732 | D:4      | Killed Edmund
  2749 | Sewer    | Entered a sewer
  3028 | Sewer    | Reached XP level 7. HP: 52/60 MP: 7/7
  3137 | Sewer    | Reached skill level 5 in Fighting
  3137 | Sewer    | Reached skill level 6 in Axes
  3368 | D:4      | Found a shimmering blue altar of Sif Muna.
  3371 | D:4      | Found a broken altar of Ashenzari.
  3374 | D:4      | Found a hazy altar of Hepliaklqana.
  3790 | D:4      | Found the +2 cloak of the Thief {*Fog Slay-2 SInv Stlth+}
  3893 | D:5      | Entered Level 5 of the Dungeon
  4107 | D:5      | Reached XP level 8. HP: 68/68 MP: 8/8
  4325 | D:5      | Reached skill level 7 in Axes
  4325 | D:5      | Reached skill level 5 in Armour
  4485 | D:5      | Found a staircase to the Ecumenical Temple.
  4500 | Temple   | Entered the Ecumenical Temple
  4507 | Temple   | Became a worshipper of Trog the Wrathful
  4528 | D:5      | Reached skill level 5 in Shields
  5344 | D:6      | Reached skill level 8 in Axes
  5467 | D:6      | Reached XP level 9. HP: 48/75 MP: 9/9
  6446 | D:7      | Reached * piety under Trog
  6452 | D:7      | Found Huetyorr's Weapon Shoppe.
  6574 | D:7      | Reached skill level 9 in Axes
  6583 | D:7      | Got the Secrets of Ghoulish Jinxing
  6651 | D:7      | Found a flagged portal.
  6668 | Bailey   | Entered a bailey
  6939 | Bailey   | Found a large runed translucent door.
  6939 | Bailey   | Found a large runed translucent door.
  6939 | Bailey   | Noticed an orc knight
  6940 | Bailey   | Noticed a deep elf zephyrmancer
  6955 | Bailey   | Killed an orc knight
  7224 | Bailey   | Killed a deep elf zephyrmancer
  7225 | Bailey   | Reached skill level 10 in Axes
  7225 | Bailey   | Reached skill level 5 in Evocations
  7225 | Bailey   | Reached XP level 10. HP: 23/86 MP: 10/10
  7487 | Bailey   | Identified the +5 fire dragon scales "Mapnoit" {rPois rF++
                  | rC-}
  7637 | D:7      | Identified the +6 sling "Amofacve" {vorpal, rF++ Int-2}
  8028 | D:8      | Found a staircase to the Lair.
  8036 | D:8      | Noticed a two-headed ogre
  8043 | D:8      | Killed a two-headed ogre
  8087 | D:8      | Noticed Joseph
  8101 | D:8      | Killed Joseph
  8102 | D:8      | Reached skill level 5 in Throwing
  8397 | D:8      | Reached skill level 11 in Axes
  8414 | D:8      | Identified the +10 hand axe of Zitum {pain, rC+ Stlth+}
  8441 | D:8      | Noticed Gastronok
  8444 | D:8      | Noticed Maurice
  8523 | D:8      | Noticed a two-headed ogre
  8524 | D:8      | Reached ** piety under Trog
  8534 | D:8      | Killed a two-headed ogre
  8541 | D:8      | Noticed a centaur warrior
  8545 | D:8      | Killed a centaur warrior
  8546 | D:8      | Reached XP level 11. HP: 47/94 MP: 11/11
  8660 | D:8      | Noticed a centaur warrior
  8675 | D:8      | Killed a centaur warrior
  8676 | D:8      | Reached skill level 12 in Axes
  8706 | D:8      | HP: 7/142 [slime creature (7)]
  8707 | D:8      | HP: 3/142 [slime creature (4)]
  9276 | D:8      | Killed Gastronok
  9586 | D:8      | Killed Maurice
 10112 | Lair:1   | Entered Level 1 of the Lair of Beasts
 10332 | Lair:1   | Reached skill level 13 in Axes
 10460 | Lair:1   | Reached *** piety under Trog
 10682 | Lair:1   | Noticed an orange crystal statue
 10739 | Lair:1   | Reached XP level 12. HP: 99/104 MP: 10/12
 11097 | Lair:1   | Found a shimmering altar of Xom.
 11714 | Lair:2   | Noticed Maggie
 11730 | Lair:2   | Killed Maggie
 11980 | Lair:2   | Noticed Erica
 12146 | Lair:2   | Noticed a four-headed hydra
 12149 | Lair:2   | Noticed Amaemon
 12156 | Lair:1   | Reached skill level 14 in Axes
 12244 | Lair:2   | Found a staircase to the Swamp.
 12324 | Lair:2   | Noticed a six-headed hydra
 12338 | Lair:2   | Killed a six-headed hydra
 12528 | Lair:2   | Noticed a six-headed hydra
 12537 | Lair:2   | Killed a six-headed hydra
 12538 | Lair:2   | Reached skill level 10 in Fighting
 12606 | Lair:2   | Killed Erica
 12786 | Lair:2   | Killed Amaemon
 12790 | Lair:2   | Killed a one-headed hydra
 13611 | Lair:3   | Identified the +0 scale mail of the Realm of Zot {rN+
                  | Slay+5}
 13645 | Lair:3   | Reached skill level 15 in Axes
 13645 | Lair:3   | Reached XP level 13. HP: 101/114 MP: 11/13
 14041 | Lair:3   | Found a staircase to the Snake Pit.
 14249 | Lair:3   | Reached skill level 10 in Armour
 14920 | Lair:3   | Reached skill level 10 in Shields
 15341 | Lair:4   | Reached skill level 16 in Axes
 15410 | Lair:4   | Found a frozen archway.
 15419 | Lair:4   | Reached **** piety under Trog
 15441 | IceCv    | Entered an ice cave
 15795 | IceCv    | Identified the ring of Moderation {Ice rN+ Will+}
 15795 | IceCv    | Noticed a reaper
 15827 | IceCv    | Mangled by a reaper

Illustrated notes

Levels and vault maps discovered:
D:1:      kennysheep_arrival_forest, layout_loops_ring,
          hellmonk_ecumenical_altar_defaced_shrine
D:2:      layout_rooms, basic_altar
D:3:      layout_loops_cross, jmf_multi_god_temple2
D:4:      layout_basic, grunt_temple_overflow_diamond, serial_demonic,
          serial_demonic_e, serial_demonic_c, serial_demonic_g,
          serial_demonic_c, serial_demonic_c, portal_sewer_entry_a, uniq_edmund
D:5:      layout_loops_ring, minmay_temple_entry_gardened_gates, st_stairs_12,
          minivault_24
D:6:      layout_basic
D:7:      layout_loops_cross, enter_bailey_2, serial_shops, shop
D:8:      minmay_the_grid_octo_tiled_squarecenter
          [minmay_the_grid_octo_concentric, minmay_the_grid_octo_empty,
          minmay_the_grid_octo_fan_narrow, minmay_the_grid_octo_tetromino_candy,
          minmay_the_grid_square_5x5_megaprize_crossed,
          minmay_the_grid_square_5x5_doubleslash,
          minmay_the_grid_square_5x5_spiral_small,
          minmay_the_grid_square_5x5_two_walls_b,
          minmay_the_grid_square_5x5_minimal], layout_rooms, lair_entry_dummy,
          minmay_puff, uniq_maurice, uniq_gastronok, uniq_joseph
Temple:   sentei_temple_godly_chess
Lair:1:   layout_loops_ring, basic_altar, disabler_island
Lair:2:   layout_cave_pods, swamp_mist, uniq_maggie, uniq_amaemon, uniq_erica
Lair:3:   layout_gridlike, dummy_snake_entry, nicolae_quartered_pool_medium
Lair:4:   layout_loops_ring, minmay_slime_entry_oklob_enclosed,
          portal_ice_cave_demonic_guard
IceCv:    ice_cave_small_demon

Skill      XL: |  1  2  3  4  5  6  7  8  9 10 11 12 13 |
---------------+----------------------------------------+-----
Axes           | 3 4 5 6 8 10 11 13 15 16 | 16.3
Evocations     | 1 2 3 4 5 6 7 8 9 |  9.0
Fighting       | 4 5 6 7 8 9 10 11 | 11.3
Throwing       | 1 2 3 4 5 6 7 8 |  8.2
Armour         | 4 5 6 7 8 9 10 | 10.4
Shields        | 4 5 6 7 8 9 10 | 10.2

Action                   |  1- 3 |  4- 6 |  7- 9 | 10-12 | 13-15 || total
-------------------------+-------+-------+-------+-------+-------++-------
Melee: War axe           |   104 |   157 |   356 |   429 |   343 ||  1389
       Flail             |       |       |       |    29 |       ||    29
Throw: Javelin           |     7 |     1 |       |       |       ||     8
       Dart              |     4 |     1 |     7 |    26 |    16 ||    54
       Boomerang         |       |       |    37 |    46 |       ||    83
Invok: Berserk           |       |       |     2 |     7 |     3 ||    12
       Trog's Hand       |       |       |       |     7 |     2 ||     9
       Brothers in Arms  |       |       |       |       |     2 ||     2
Evoke: Wand              |       |       |       |    28 |     2 ||    30
       Tin of tremorston |       |       |       |     4 |       ||     4
  Use: Scroll            |     2 |     3 |     8 |    10 |     1 ||    24
       Potion            |       |     1 |     5 |     7 |     2 ||    15
Armor: Scale mail        |    56 |       |       |       |       ||    56
       Chain mail        |       |   139 |   247 |       |       ||   386
       Skin              |       |       |    10 |     5 |       ||    15
       Plate armour      |       |       |    13 |   357 |   183 ||   553
Dodge: Dodged            |    57 |    62 |   165 |   127 |    97 ||   508
Block: Buckler           |    19 |    33 |   109 |   141 |    77 ||   379
